 Dungeon Crawl Stone Soup version 0.18.1-48-g4cf74bf (webtiles) character file.

10 Aquadorian the Grasshopper (level 2, 10/23 HPs)
             Began as a Demonspawn Warper on July 23, 2016.
             Quit the game on level 1 of the Dungeon.
             The game lasted 00:01:57 (176 turns).

Aquadorian the Grasshopper (Demonspawn Warper)       Turns: 176, Time: 00:01:58

Health: 10/23      AC:  3    Str: 11    XL:     2   Next: 10%
Magic:  5/5        EV: 12    Int: 14    God:
Gold:   0          SH:  0    Dex: 12    Spells: 1 memorised, 4 levels left

rFire  . . .     SeeInvis .     a - +0 falchion
rCold  . . .     Gourm    .     b - +0 leather armour
rNeg   . . .     Faith    .     (no shield)
rPois  .         Spirit   .     (helmet restricted)
rElec  .         Dismiss  .     (no cloak)
rCorr  .         Reflect  .     (no gloves)
SustAt .         Harm     .     (no boots)
MR     .....                    (no amulet)
Stlth  +.........               (no ring)
                                (no ring)

@: not resistant to hostile enchantments, very unstealthy
A: antennae 1
a: no special abilities


You were on level 1 of the Dungeon.
You were not hungry.

You visited 1 branch of the dungeon, and saw 1 of its levels.

Inventory:

Hand Weapons
 a - a +0 falchion (weapon)
Missiles
 e - 5 tomahawks of dispersal (quivered)
Armour
 b - a +0 leather armour (worn)
Scrolls
 d - a scroll of blinking
 g - a scroll of enchant weapon {unknown}
 i - a scroll of noise {unknown}
 j - 3 scrolls of random uselessness {unknown}
Books
 c - a book of Spatial Translocations

   Spells                             Type                      Level
   a - Apportation                    Translocation                1
   b - Blink                          Translocation                2
   c - Shroud of Golubria             Charms/Translocation         2
   d - Portal Projectile              Translocation                3
   e - Teleport Other                 Translocation                3
   f - Passage of Golubria            Translocation                4
Comestibles
 f - a bread ration
 h - 3 chunks of flesh


   Skills:
 + Level 2.3 Fighting
 - Level 1.7 Long Blades
 - Level 0.8 Throwing
 + Level 1.0 Armour
 + Level 2.2 Dodging
 - Level 2.0 Spellcasting
 - Level 2.6 Translocations


You had 4 spell levels left.
You knew the following spells:

 Your Spells              Type           Power        Failure   Level  Hunger
a - Apportation           Tloc           #.........   12%         1    ##.....


Dungeon Overview and Level Annotations

Branches:
Dungeon (1/15)

Altars:


Innate Abilities, Weirdness & Mutations

You have a pair of small antennae on your head.


Message History

The kobold closely misses you.
You hit the kobold.
You kill the kobold!
You have reached level 2!
Your demonic ancestry asserts itself...
A pair of antennae grows on your head! The giant gecko bites you.
You closely miss the giant gecko. The giant gecko bites you.
The giant gecko barely misses you.
You miss the giant gecko.
The giant gecko bites you but does no damage.
You miss the giant gecko. The giant gecko bites you.
The giant gecko completely misses you.
You closely miss the giant gecko. The giant gecko closely misses you.
You closely miss the giant gecko. The giant gecko barely misses you.
The giant gecko completely misses you.
You slash the giant gecko!
You kill the giant gecko!
Your Armour skill increases to level 1!
Are you sure you want to abandon this character and quit the game? (Confirm with "yes".)

#. ......# . #.# .....#
. #.. ....# ##.
#.########...###..
#............#.... ###
#...?....#...#....
.#...##..(.....#...#....
.........).....###......
......†@.......###......
......)†................
....................###.
....................# #.
.................#...##.
..........#......#......
..........####..##......
##........# #......
........


There were no monsters in sight!

Vanquished Creatures
  A giant gecko (D:1)
  A giant cockroach (D:1)
  A ball python (D:1)
  A bat (D:1)
  2 giant newts (D:1)
  A goblin (D:1)
  3 kobolds (D:1)
  A rat (D:1)
11 creatures vanquished.

Notes
Turn   | Place    | Note
--------------------------------------------------------------
     0 | D:1      | Aquadorian the Demonspawn Warper began the quest for the Orb.
     0 | D:1      | Reached XP level 1. HP: 16/16 MP: 3/3
   169 | D:1      | Gained mutation: You have a pair of small antennae on your head. [demonic ancestry]
   169 | D:1      | Reached XP level 2. HP: 23/23 MP: 5/5
   175 | D:1      | Reached skill level 1 in Armour
   176 | D:1      | Quit the game

Skill      XL: |  1  2 |
---------------+-------+-----
Dodging        | 2 |  2.2
Armour         | 1 |  1.0
Fighting       | |  2.3
Long Blades    | |  1.7
Throwing       | |  0.8
Spellcasting   | |  2.0
Translocations | |  2.6

Action                   || total
-------------------------++-------
Melee: Falchion          ||    24
 Stab: Sleeping          ||     1
Armor: Leather armour    ||     7
Dodge: Dodged            ||    16
